 Dungeon Crawl Stone Soup version 0.27-a0-1116-g91b3acb402 (webtiles) character file.

Game seed: 10763765816044712379

156 Alarak the Skirmisher (level 5, -1/48 HPs)
             Began as a Hill Orc Monk on May 1, 2021.
             Slain by Crazy Yiuf
             ... wielding a +2 quarterstaff of chaos
              (4 damage)
             ... on level 3 of the Dungeon.
             The game lasted 00:02:33 (3273 turns).

Alarak the Skirmisher (Hill Orc Monk)               Turns: 3273, Time: 00:02:36

Health: -1/48      AC:  7    Str: 15    XL:     5   Next: 37%
Magic:  5/5        EV: 11    Int: 10    God:
Gold:   14         SH:  0    Dex: 13    Spells: 4/4 levels left

rFire    . . .     SeeInvis .   a - +0 hand axe
rCold    . . .     Faith    .   (no shield)
rNeg     . . .     Spirit   .   g - +0 ring mail
rPois    .         Reflect  .   (no helmet)
rElec    .         Harm     .   (no cloak)
rCorr    .         Rampage  .   (no gloves)
Will     .....                  e - +0 pair of boots
Stlth    +.........             (no amulet)
HPRegen  0.16/turn              (no ring)
MPRegen  0.09/turn              (no ring)

@: lethally poisoned (-1 -> -13)
A: no striking features
a: no special abilities


You were on level 3 of the Dungeon.
You visited 1 branch of the dungeon, and saw 3 of its levels.

You collected 14 gold pieces.

Inventory:

Hand Weapons
 a - a +0 hand axe (weapon)
 k - a +0 spear
Armour
 b - a +0 robe
 e - a +0 pair of boots (worn)
 g - a +0 ring mail (worn)
Jewellery
 c - a +6 ring of strength
Wands
 m - a wand of acid (4)
Scrolls
 f - 4 scrolls of teleportation {unknown}
 h - 2 scrolls of vulnerability {unknown}
 i - a scroll of noise {unknown}
 l - 2 scrolls of identify {unknown}
Potions
 d - a potion of mutation {unknown}
 j - a potion of resistance {unknown}


   Skills:
 - Level 5.0 Fighting
 - Level 4.0 Axes
 + Level 4.3 Armour
 - Level 2.4 Dodging
 - Level 1.5 Stealth


You had 4 spell levels left.
You didn't know any spells.
Your spell library was empty.

Dungeon Overview and Level Annotations

Branches:
Dungeon (3/15)

Altars:

Annotations:
D:3 Crazy Yiuf


Message History

No target in view!
There is a stone staircase leading down here.
There is a stone staircase leading down here.
Crazy Yiuf shouts!
Crazy Yiuf waves his quarterstaff at you.
Could not explore, unopened runed door.
Could not explore, unopened runed door.
Could not explore, unopened runed door.
You open the door. You closely miss Crazy Yiuf.
Crazy Yiuf hits you with a +2 quarterstaff of chaos.
You are electrocuted!
You hit Crazy Yiuf but do no damage.
Crazy Yiuf hits you with a +2 quarterstaff of chaos!
Crazy Yiuf freezes you.
You are too injured to fight recklessly!
You are too injured to fight recklessly!
You are too injured to fight recklessly!
You are too injured to fight recklessly!
You are too injured to fight recklessly!
You are too injured to fight recklessly!
You are too injured to fight recklessly!
You are too injured to fight recklessly!
You are too injured to fight recklessly!
You are too injured to fight recklessly!
You are too injured to fight recklessly!
You are too injured to fight recklessly!
You are too injured to fight recklessly!
You are too injured to fight recklessly!
You hit Crazy Yiuf but do no damage.
Crazy Yiuf sings, "Trees, trees, trees, circus!"
Crazy Yiuf hits you with a +2 quarterstaff of chaos.
You are poisoned.
You hit Crazy Yiuf but do no damage.
* * * LOW HITPOINT WARNING * * *
You feel very sick.
Crazy Yiuf hits you with a +2 quarterstaff of chaos!
* * * LOW HITPOINT WARNING * * *
Crazy Yiuf burns you.
You die...

####.# ##.[...## ##.##.###.##
##.#.# ##.......####.#........#
.....###.........##.###...##..#
.......'############# ##..##..#
....##### #..##..# .#.##
#..##..# ....# ###### ###
#......# .#.####....## ###..)#
##.###.# ....##......####@g...#
##.###.# ....##.......#..##...#
#......# ....#..#....#.### ###
##.##### .......######## #.#
........# #.# ........#########
#.# #...###.........## #.#
#...# #......#...########.#
#...# #.......#...........#


You could see Crazy Yiuf.

Vanquished Creatures
  A water moccasin skeleton (D:3)
  A hound skeleton (D:3)
  3 adders
  A worm (D:3)
  5 dart slugs
  An orc (D:3)
  3 endoplasms (D:1)
  3 giant cockroaches
  6 goblins
  6 hobgoblins
  5 jackals
  3 kobolds
  2 quokkas
  5 ball pythons
  4 bats
  3 frilled lizards
  A rat (D:3)
53 creatures vanquished.

Notes
Turn   | Place    | Note
-------+----------+-------------------------------------------
     0 | D:1      | Alarak the Hill Orc Monk began the quest for the Orb.
     0 | D:1      | Reached XP level 1. HP: 19/19 MP: 1/1
   120 | D:1      | Reached skill level 4 in Fighting
   139 | D:1      | Reached XP level 2. HP: 8/27 MP: 2/2
   349 | D:1      | Found a faded altar of an unknown god.
   887 | D:1      | Reached XP level 3. HP: 35/35 MP: 3/3
   901 | D:1      | Reached skill level 5 in Fighting
  1298 | D:2      | Reached skill level 1 in Armour
  2252 | D:3      | Reached XP level 4. HP: 21/42 MP: 4/4
  2521 | D:3      | Reached XP level 5. HP: 48/48 MP: 5/5
  2544 | D:3      | Found a runed translucent door.
  2545 | D:3      | Noticed Crazy Yiuf
  3273 | D:3      | Slain by Crazy Yiuf

Illustrated notes

Levels and vault maps discovered:
D:1:      lightli_arrival_flooded_house, layout_loops_ring,
          ebering_ecumenical_altar_hall
D:2:      layout_rooms
D:3:      layout_loops_corners, uniq_crazy_yiuf_cottage

Skill      XL: |  1  2  3  4  5 |
---------------+----------------+-----
Fighting       | 4 5 |  5.0
Armour         | 3 4 |  4.3
Axes           | |  4.0
Dodging        | |  2.4
Stealth        | |  1.5

Action                   |  1- 3 |  4- 6 || total
-------------------------+-------+-------++-------
Melee: Hand axe          |   149 |    81 ||   230
 Stab: Sleeping          |     2 |       ||     2
Armor: Robe              |     6 |       ||     6
       Ring mail         |    37 |    50 ||    87
Dodge: Dodged            |    99 |    61 ||   160

Table legend: (Time is in decaauts)
 A = Elapsed time spent in this place.
 B = Non-inter-level travel time spent in this place.
 C = Inter-level travel time spent in this place.
 D = Time resting spent in this place.
 E = Time spent auto-exploring this place.
 F = Levels seen in this place.
 G = Mean time per level.
                   A        B        C        D        E       F      G
               +--------+--------+--------+--------+--------+-----+--------+
         Total |   3297 |   3250 |     47 |    546 |   2272 |   3 | 1099.0 |
       Dungeon |   3297 |   3250 |     47 |    546 |   2272 |   3 | 1099.0 |
               +--------+--------+--------+--------+--------+-----+--------+

Top non-repeatable levels by time:
     D:3: 1352 daAuts
     D:1: 1158 daAuts
     D:2: 787 daAuts
